 Dungeon Crawl Stone Soup version 0.27.1-34-g3ba077fa99 (webtiles) character file.

Game seed: 5982961952264665817

91 multipassport the Ducker (level 4, 0/21 HPs)
             Began as a Spriggan Venom Mage on Jan 16, 2022.
             Killed by divine providence
             ... invoked by an orc priest
              (10 damage)
             ... on level 3 of the Dungeon.
             The game lasted 00:10:52 (2931 turns).

multipassport the Ducker (Spriggan Venom Mage)      Turns: 2931, Time: 00:10:53

Health: 0/21       AC:  3    Str:  4    XL:     4   Next: 34%
Magic:  8/10       EV: 18    Int: 17    God:
Gold:   141        SH:  0    Dex: 15    Spells: 6/10 levels left

rFire    + . .     SeeInvis +   k - +0 dagger (venom)
rCold    . . .     Faith    .   (shield restricted)
rNeg     . . .     Spirit   .   g - +1 robe {rF+}
rPois    .         Reflect  .   (helmet restricted)
rElec    .         Harm     .   (no cloak)
rCorr    .         Rampage  .   (gloves unavailable)
Will     .....                  (boots unavailable)
Stlth    ++........             (no amulet)
HPRegen  0.07/turn              (no ring)
MPRegen  0.12/turn              (no ring)

@: very quick
A: very small, no large weapons, unfitting armour, see invisible, speed 3
a: no special abilities


You were on level 3 of the Dungeon.
You visited 1 branch of the dungeon, and saw 3 of its levels.

You collected 141 gold pieces.

Inventory:

Hand Weapons
 k - a +0 dagger of venom (weapon)
Armour
 g - a +1 robe of fire resistance (worn)
Scrolls
 a - a scroll of immolation {unknown}
 c - 3 scrolls of teleportation {unknown}
 e - a scroll of magic mapping {unknown}
 h - a scroll of summoning {unknown}
 i - a scroll of amnesia {unknown}
Potions
 d - a potion of magic {unknown}
 f - 2 potions of curing {unknown}
 j - a potion of degeneration {unknown}


   Skills:
 + Level 0.0 Fighting
 + Level 3.7 Dodging
 - Level 3.0 Stealth
 + Level 3.7 Spellcasting
 + Level 0.0 Conjurations
 - Level 3.0 Transmutations
 + Level 0.0 Ice Magic
 + Level 3.6 Poison Magic


You had 6 spell levels left.
You knew the following spells:

 Your Spells              Type           Power      Damage    Failure   Level
a - Sting                 Tmut/Pois      56%        1d5       4%          1
b - Mephitic Cloud        Conj/Pois/Air  7%         N/A       30%         3

Your spell library contained the following spells:

 Spells                   Type           Power      Damage    Failure   Level
 Poisonous Vapours        Pois/Air       18%        N/A       12%         2
 Olgreb's Toxic Radiance  Pois           15%        N/A       34%         4
 Frozen Ramparts          Ice            6%         1d2       43%         3
 Ozocubu's Armour         Ice            3%         N/A       43%         3
 Ice Form                 Ice/Tmut       8%         N/A       65%         4
 Summon Ice Beast         Ice/Summ       3%         N/A       85%         4
 Ozocubu's Refrigeration  Ice            1%         4d5       100%        7
 Ignition                 Fire           1%         3d3       100%        8


Dungeon Overview and Level Annotations

Branches:
Dungeon (3/15)

Altars:


Innate Abilities, Weirdness & Mutations

You are very small and have problems with some larger weapons.
You are too small for most types of armour.
You have supernaturally acute eyesight. (SInv)
You cover ground extremely quickly. (Speed+++)


Message History

You open the door.
A frilled lizard comes into view.
Aiming: Sting (safe; 4% risk of failure)
Press: ? - help, Q - select action Shift-Dir - straight line, f - frilled lizard
Aim: a frilled lizard (asleep, 100% to hit)
The sting hits the frilled lizard.
The frilled lizard is poisoned.
You kill the frilled lizard!
There is an open door here.
You see here a frilled lizard corpse.
You open the door.
Found 14 stones.
There is an open door here.
An orc comes into view. It is wielding a +0 falchion.
An orc priest comes into view. It is wielding a +0 dagger.
An orc comes into view. It is wielding a +0 trident.
An orc comes into view. It is wielding a +0 hand axe.
The orc shouts! x2; You hear a shout!
The orc priest shouts!
Aiming: Sting (safe; 4% risk of failure)
Press: ? - help, Q - select action Shift-Dir - straight line, f - you
Okay, then.
Casting: Sting (safe; 4% risk of failure)
Confirm with . or Enter, or press ? or * to list all spells.
The spell is potentially lethal to cast (30% risk of failure)!
Continue anyway?
Okay, then.
Aiming: Sting (safe; 4% risk of failure)
Press: ? - help, Q - select action Shift-Dir - straight line, f - orc
Aim: an orc, wielding a +0 falchion and wearing a +0 leather armour (71% to hit)
The sting hits the orc but does no damage.
The orc is poisoned.
Aiming: Sting (safe; 4% risk of failure)
Press: ? - help, Q - select action Shift-Dir - straight line, f/p - orc
Aim: an orc, wielding a +0 falchion and wearing a +0 leather armour (moderately wounded, poisoned, 71% to hit)
The sting misses the orc.
The orc priest calls down the wrath of Beogh upon you.
Beogh smites you!
Ouch! That really hurt!
An orc comes into view.
It is wielding a +1 short sword of speed.
The orc priest invokes the aid of Beogh against you.
Beogh smites you!
You die...

##### .....#############
#... oo.o............#
#... ###.o............#
#... ........(........#
#...
.................#####...
.###..o@.........†..#...
...........#+#'#####.#...
...........#.#†# #.#...
....###....'...# #.....
...........##### ######
#....+.....# #.. # ##
#.....# #.# #.....# #.#
#...(.# #.†


You could see an orc priest and 4 orcs.

Vanquished Creatures
  5 adders
  3 dart slugs
  4 endoplasms
  5 goblins
  2 hobgoblins
  4 jackals (D:3)
  2 quokkas
  2 ball pythons
  3 bats
  4 frilled lizards
  3 kobolds
  4 rats
41 creatures vanquished.

Notes
Turn   | Place    | Note
-------+----------+-------------------------------------------
     0 | D:1      | multipassport the Spriggan Venom Mage began the quest for
                  | the Orb.
     0 | D:1      | Reached XP level 1. HP: 9/9 MP: 5/5
   500 | D:1      | Reached XP level 2. HP: 8/13 MP: 0/6
  1250 | D:2      | Reached XP level 3. HP: 16/16 MP: 3/8
  2050 | D:2      | Learned a level 3 spell: Mephitic Cloud
  2260 | D:2      | Reached XP level 4. HP: 7/21 MP: 3/10
  2931 | D:3      | Killed from afar by an orc priest

Illustrated notes

Levels and vault maps discovered:
D:1:      nzn_arrival_water_spiral, layout_basic
D:2:      layout_loops_ring, minmay_misc_feat_tower, hangedman_glass_teeth
D:3:      layout_basic, minmay_misc_feat_columns, kennysheep_generic_room_5

Skill      XL: |  1  2  3  4 |
---------------+-------------+-----
Dodging        | 3 |  3.7
Spellcasting   | 3 |  3.7
Transmutations | 2 3 |  3.0
Stealth        | |  3.0
Poison Magic   | |  3.6

Action                   |  1- 3 |  4- 6 || total
-------------------------+-------+-------++-------
Melee: Dagger            |     6 |     3 ||     9
 Cast: Sting             |    71 |    25 ||    96
 Stab: Sleeping          |     1 |       ||     1
Armor: Robe              |     7 |     3 ||    10
Dodge: Dodged            |    18 |    13 ||    31
